 Dungeon Crawl Stone Soup version 0.29.1-1-gd02db6906a (webtiles) character file.

Game seed: 6742205105502476945

214910 groovy9 the Crack Shot (level 18, -18/158 HPs)
             Began as a Minotaur Hunter on Sept 15, 2022.
             Was the Champion of Hepliaklqana.
             Demolished by Mara (illusionary)
             ... wielding a +1 demon trident of venom
              (24 damage)
             ... on level 4 of the Spider Nest.
             The game lasted 02:07:46 (33701 turns).

groovy9 the Crack Shot (Minotaur Hunter)           Turns: 33701, Time: 02:07:47

Health: -18/158    AC: 11    Str: 18    XL:     18   Next: 31%
Magic:  37/37      EV: 24    Int:  6    God:    Hepliaklqana [******]
Gold:   1735       SH:  0    Dex: 20    Spells: 17/17 levels left

rFire   . . .      SeeInvis .   Q - +8 longbow (freeze)
rCold   + . .      Faith    .   (shield currently unavailable)
rNeg    . . .      Spirit   .   l - +3 leather armour of the Viny Eagle {rElec Will++}
rPois   +          Reflect  .   H - +0 hat
rElec   +          Harm     .   d - +2 cloak
rCorr   +          Rampage  .   f - +0 pair of gloves
Will    +++..                   u - +0 pair of boots "Eded" {rElec rPois MP+9}
Stlth   +.........              g - amulet of regeneration
HPRegen 1.16/turn               S - ring of resist corrosion
MPRegen 0.25/turn               M - ring of protection from cold

@: lethally poisoned (-18 -> -26), silenced
A: reduced essence, horns 2, retaliatory headbutt
}: 1/15 runes: barnacled
a: Renounce Religion


You were on level 4 of the Spider Nest.
You worshipped Hepliaklqana.
Hepliaklqana was exalted by your worship.
You visited 6 branches of the dungeon, and saw 28 of its levels.
You also visited: Ossuary and Bailey.

You collected 2875 gold pieces.
You spent 1140 gold pieces at shops.

Inventory:

Hand Weapons
 Q - a +8 longbow of freezing (weapon)
Missiles
 o - 8 throwing nets
Armour
 d - a +2 cloak (worn)
 f - a +0 pair of gloves (worn)
 l - the +3 leather armour of the Viny Eagle (worn) {rElec Will++}
   (You bought it in a shop on level 2 of the Orcish Mines)

   rElec:     It insulates you from electricity.
   Will:      It greatly increases your willpower.
 n - a +2 robe of willpower
 u - the +0 pair of boots "Eded" (worn) {rElec rPois MP+9}
   (You found it on level 7 of the Dungeon)

   rElec:     It insulates you from electricity.
   rPois:     It protects you from poison.
   MP:        It affects your magic capacity (+9).
 y - a +1 pair of boots of flying
 H - a +0 hat (worn)
 J - the +0 pair of boots of Generosity {Regen+}
   (You found it on level 1 of the Lair of Beasts)

   Regen:     It increases your rate of health regeneration.
 U - a +4 ring mail of poison resistance
Jewellery
 g - an amulet of regeneration (around neck)
 i - a ring of willpower
 m - a +4 ring of evasion
 v - an amulet of reflection
 B - a ring of positive energy
 G - a ring of flight
 M - a ring of protection from cold (right hand)
 S - a ring of resist corrosion (left hand)
 T - a ring of protection from fire
Scrolls
 a - a scroll of teleportation
 b - 4 scrolls of immolation
 c - 4 scrolls of poison
 p - 4 scrolls of brand weapon
 t - 13 scrolls of identify
 x - 6 scrolls of noise
 C - 2 scrolls of fog
 E - 2 scrolls of torment
 F - 2 scrolls of blinking
 P - a scroll of summoning
 R - a scroll of enchant armour
Potions
 e - 5 potions of cancellation
 h - 5 potions of mutation
 j - 5 potions of curing
 k - 6 potions of attraction
 s - a potion of resistance
 z - 6 potions of flight
 D - 9 potions of ambrosia
 K - a potion of berserk rage
 L - 2 potions of heal wounds
 O - 3 potions of lignification
Miscellaneous
 q - a box of beasts


   Skills:
 + Level 19.2 Fighting
 + Level 21.1 Ranged Weapons
 + Level 17.7 Dodging
 - Level 0.7 Stealth
 + Level 15.7 Invocations


You had 17 spell levels left.
You didn't know any spells.
Your spell library contained the following spells:

 Spells                   Type           Power      Damage    Failure   Level
 Freeze                   Ice            0%         1d3       52%         1
 Magic Dart               Conj           0%         1d3       52%         1
 Shock                    Conj/Air       0%         1d3       52%         1
 Summon Small Mammal      Summ           0%         N/A       52%         1
 Call Imp                 Summ           0%         N/A       65%         2
 Searing Ray              Conj           0%         2d4       65%         2
 Call Canine Familiar     Summ           0%         N/A       87%         3
 Confusing Touch          Hex            0%         N/A       87%         3
 Frozen Ramparts          Ice            0%         1d1       87%         3
 Gell's Gravitas          Tloc           0%         N/A       87%         3
 Lesser Beckoning         Tloc           0%         N/A       87%         3
 Mephitic Cloud           Conj/Pois/Air  0%         N/A       87%         3
 Portal Projectile        Hex/Tloc       0%         N/A       87%         3
 Summon Guardian Golem    Hex/Summ       0%         N/A       87%         3
 Swiftness                Air            0%         N/A       87%         3
 Teleport Other           Tloc           0%         N/A       87%         3
 Airstrike                Air            0%         2d(0-16)  99%         4
 Fulminant Prism          Conj/Hex       0%         3d6       99%         4
 Hailstorm                Conj/Ice       0%         3d3       99%         4
 Leda's Liquefaction      Hex/Erth       0%         N/A       99%         4
 Summon Ice Beast         Ice/Summ       0%         N/A       99%         4
 Lee's Rapid Deconstruct  Erth           0%         3d5*      100%        5
 Summon Mana Viper        Hex/Summ       0%         N/A       100%        5
 Yara's Violent Unravell  Hex/Tmut       0%         3d3       100%        5
 Statue Form              Tmut/Erth      0%         N/A       100%        6
 Enfeeble                 Hex            0%         N/A       100%        7
 Monstrous Menagerie      Summ           0%         N/A       100%        7


Dungeon Overview and Level Annotations

Branches:
Dungeon (12/15)            Temple (1/1) D:5            Lair (5/5) D:9
 Shoals (4/4) Lair:2       Spider (4/4) Lair:3        Slime (0/5) Lair:5
    Orc (2/2) D:12            Elf (0/3) Orc:2       Ossuary (visited)
 Bailey (visited)

Altars:
Ashenzari
Cheibriados
Dithmenos
Elyvilon
Fedhas
Gozag
Hepliaklqana
Kikubaaqudgha
Makhleb
Nemelex Xobeh
Okawaru
Qazlal
Ru
Sif Muna
Trog
Uskayaw
Vehumet
Wu Jian
Xom
Yredelemnul
Zin
The Shining One
Jiyva

Shops:
D:6 *   Orc:1 [   Orc:2 =*[[

Annotations:
Spider:4 Mara


Innate Abilities, Weirdness & Mutations

Your life essence is reduced to manifest your ancestor. (-10% HP)
You have a pair of horns on your head.
You reflexively headbutt those who attack you in melee.


Message History

The emperor scorpion claws you but does no damage.
The wolf spider attacks as you move away!
The wolf spider completely misses you. You furiously retaliate!
You headbutt the wolf spider! The wolf spider bites you!
* * * LOW HITPOINT WARNING * * *
You feel very sick. Mara completely misses you.
Tepiltzin hits Mara with a +0 broad axe of flaming!
Tepiltzin burns Mara.
Tepiltzin barely misses the emperor scorpion.
Tepiltzin closely misses Mara.
Tepiltzin hits Mara with a +0 broad axe of flaming.
Mara hits Tepiltzin with a +1 demon trident of venom!
Mara completely misses you.
Magic scrolls do not work when you're silenced!
Unknown command.
You feel much better.
You feel very sick. The emperor scorpion stings you!!
* * * LOW HITPOINT WARNING * * *
The emperor scorpion completely misses you.
The emperor scorpion closely misses you.
Tepiltzin closely misses Mara.
Tepiltzin barely misses Mara. x2
Mara misses you.
Mara grins.
Mara closely misses you.
Mara completely misses Tepiltzin.
You feel better. The wolf spider closely misses you.
The wolf spider barely misses you. The emperor scorpion stings you.
* * * LOW HITPOINT WARNING * * *
The emperor scorpion claws you.
* * * LOW HITPOINT WARNING * * *
The emperor scorpion closely misses you.
Tepiltzin hits Mara but does no damage.
Tepiltzin closely misses Mara.
Tepiltzin hits Mara with a +0 broad axe of flaming!
Mara hits you from afar with a +1 demon trident of venom!
* * * LOW HITPOINT WARNING * * *
You are lethally poisoned!
Mara hits Tepiltzin but does no damage.
Mara hits you from afar with a +1 demon trident of venom!!
You die...

....†..^....#...^......
.....................# #
........†.^.....}....#..
. #..#.................^
..#......##..#.#........
.<..........^..........#
...^..............#
...#)...........<##
^..#..^.RRs@......#
........RRs#^....##
..^.^.#....#.....#
......#....##^..##
.....##....###### ...^#
###...# ..## #...# #
#####


You could see the friendly Tepiltzin the knight, 3 Maras, an emperor scorpion
and a wolf spider.

Vanquished Creatures
  Arachne (Spider:3)
  Mlioglotl (Spider:3)
  Polyphemus (Shoals:3)
  A kraken (Shoals:3)
  Agnes (Spider:2)
  An orc warlord (Orc:1)
  2 emperor scorpions
  An entropy weaver (Spider:3)
  A dire elephant (Lair:4)
  3 spark wasps (Spider:3)
  6 merfolk javelineers
  8 merfolk impalers
  A fire dragon (Lair:5)
  6 boulder beetles
  A ghost crab (Spider:3)
  2 hydras
  A catoblepas (Shoals:3)
  A jorogumo (Spider:3)
  4 ogre magi (Orc:2)
  4 merfolk aquamancers (Shoals:4)
  2 merfolk avatars (Shoals:4)
  2 radroaches
  Erica (Lair:2)
  2 satyrs
  9 two-headed ogres (Orc:2)
  3 death yaks
  Amaemon (Lair:1)
  2 pharaoh ants (Spider:2)
  14 sea snakes
  5 orb spiders
  2 steelbarb worms
  Pikel (D:5)
  6 harpies
  3 oklob plants (Lair:5)
  13 wolf spiders
  7 manticores
  A moth of wrath (Spider:4)
  5 cyclopes (Shoals:2)
  7 fauns
  3 black mambas
  5 merfolk sirens
  2 elephants (Lair:4)
  2 water nymphs
  An orange demon (Lair:1)
  6 cane toads
  4 torpor snails
  A kobold demonologist (D:11)
  An unseen horror (D:12)
  4 demonic crawlers
  5 komodo dragons
  A rime drake (Lair:4)
  A troll (Orc:2)
  6 meliai
  19 merfolk
  A polar bear (Lair:4)
  3 tyrant leeches
  6 hornets
  8 wind drakes
  Grinder (D:4)
  16 tarantellas
  11 blink frogs
  4 dream sheep
  Prince Ribbit (D:5)
  7 snapping turtles
  6 slime creatures (D:12)
  8 culicivoras
  19 jumping spiders
  Sigmund (D:3)
  A spriggan (Lair:4)
  13 water elementals
  3 wraiths
  2 wyverns (Lair:1)
  17 yaks
  A basilisk (Lair:5)
  A hog (Spider:4)
  4 steam dragons
  24 redbacks
  7 vampire mosquitoes
  2 acid dragons
  2 wargs
  20 water moccasins
  Duvessa (D:5)
  10 orc warriors
  2 ice beasts
  5 black bears
  A sky beast (D:6)
  A swamp drake (Lair:5)
  18 ogres
  5 wolves
  5 centaurs
  5 kobold brigands
  8 bullfrogs
  A gnoll sergeant (D:9)
  A scorpion (D:5)
  12 wights
  Dowan (D:5)
  24 killer bees
  9 howler monkeys
  A vampire bat (D:6)
  An electric eel (Spider:3)
  3 hounds (D:5)
  14 orc priests
  A gnoll bouda (D:7)
  2 human zombies (Ossuary)
  2 jellies
  Jessica (D:3)
  Terence (D:3)
  7 iguanas
  13 orc wizards
  2 mummies (Ossuary)
  8 gnolls
  A gnoll zombie (D:6)
  10 orc zombies
  8 adders
  A shadow imp (D:7)
  2 white imps (D:7)
  An ufetubus (D:7)
  An adder zombie (Ossuary)
  5 dart slugs
  4 worms
  57 orcs
  6 ball pythons
  A bat zombie (D:4)
  12 endoplasms
  2 giant cockroaches
  9 hobgoblins
  34 kobolds
  6 quokkas
  18 bats
  3 frilled lizards (D:1)
  11 goblins
  5 hobgoblin zombies (Ossuary)
  2 jackal zombies (Ossuary)
  6 kobold zombies (Ossuary)
  8 rats
  3 rat zombies
  13 tentacles (Shoals:3)
777 creatures vanquished.

Vanquished Creatures (collateral kills)
  5 krakens
  Gastronok (Lair:3)
  Kirke (Spider:4)
  Ilsuiw (Shoals:3)
  An emperor scorpion (Spider:3)
  A broodmother (Spider:3)
  2 entropy weavers
  A merfolk javelineer (Shoals:4)
  A merfolk impaler (Shoals:4)
  3 hydras
  An ice dragon (Lair:5)
  A catoblepas (Lair:5)
  2 jorogumos (Spider:2)
  5 merfolk aquamancers
  5 two-headed ogres (Orc:2)
  2 merfolk avatars
  A satyr (Shoals:4)
  The ghost of gelatine the Thaumaturge, a novice DsFE of Vehumet (D:9)
  3 death yaks
  A sun moth (Spider:2)
  A pharaoh ant (Spider:3)
  7 sea snakes
  2 steelbarb worms
  3 orb spiders
  A swamp dragon (Lair:5)
  2 lindwurms (Lair:5)
  5 wolf spiders
  3 manticores
  A harpy (Shoals:2)
  An orc sorcerer (Orc:2)
  6 fauns
  5 cyclopes (Shoals:2)
  A moth of wrath (Spider:3)
  Joseph (Lair:1)
  A black mamba (Lair:1)
  9 merfolk sirens
  5 elephants (Lair:4)
  A water nymph (Shoals:4)
  3 cane toads
  5 torpor snails
  5 komodo dragons
  2 demonic crawlers (Spider:1)
  3 rime drakes (Lair:5)
  2 kobold demonologists (D:12)
  2 trolls
  12 merfolk
  A queen bee (D:10)
  6 tarantellas
  2 tyrant leeches (Lair:5)
  2 wind drakes
  2 hornets (Lair:5)
  3 blink frogs
  4 slime creatures (D:12)
  4 dream sheep
  5 snapping turtles
  5 culicivoras
  8 jumping spiders
  A wyvern (Lair:5)
  4 water elementals
  A wraith (D:10)
  5 yaks
  20 redbacks
  5 vampire mosquitoes
  A basilisk (Lair:1)
  2 steam dragons
  6 water moccasins
  2 swamp drakes
  An ice beast (D:8)
  11 orc warriors
  A black bear (D:7)
  10 ogres
  4 wolves
  A centaur (D:11)
  2 kobold brigands
  5 bullfrogs
  7 wights (D:8)
  12 killer bees
  A gnoll bouda (D:10)
  2 orc priests (Orc:2)
  2 orc wizards
  5 gnolls
  11 orcs
  3 goblins (D:9)
  4 kobolds
  3 hobgoblin zombies (Ossuary)
  3 kobold zombies (Ossuary)
  2 orc zombies (Ossuary)
  3 rat zombies (Ossuary)
  7 tentacles
317 creatures vanquished.

Vanquished Creatures (others)
  A kobold demonologist (D:12)
  A merfolk (Shoals:4)
  2 tyrant leeches (Spider:3)
  5 humans (Spider:4)
  19 knights
  11 fungi
  71 plants
  43 tentacles
153 creatures vanquished.

Grand Total: 1247 creatures vanquished

Notes
Turn   | Place    | Note
-------+----------+-------------------------------------------
     0 | D:1      | groovy9 the Minotaur Hunter began the quest for the Orb.
     0 | D:1      | Reached XP level 1. HP: 18/18 MP: 0/0
   188 | D:1      | Reached XP level 2. HP: 25/25 MP: 1/1
   581 | D:1      | Reached skill level 5 in Ranged Weapons
   596 | D:1      | Reached XP level 3. HP: 31/31 MP: 2/2
  1596 | D:2      | Found a faded altar of an unknown god.
  2133 | D:3      | Noticed Terence
  2140 | D:3      | Killed Terence
  2141 | D:3      | Reached XP level 4. HP: 30/38 MP: 3/3
  2895 | D:3      | Noticed Jessica
  2902 | D:3      | Killed Jessica
  2903 | D:3      | Reached XP level 5. HP: 35/46 MP: 4/4
  3184 | D:3      | Reached skill level 6 in Ranged Weapons
  3301 | D:3      | Noticed Sigmund
  3307 | D:3      | Killed Sigmund
  3308 | D:3      | Reached XP level 6. HP: 45/53 MP: 5/5
  3376 | D:3      | Found a basalt altar of Yredelemnul.
  3376 | D:3      | Found a stormy altar of Qazlal.
  3991 | D:4      | Reached skill level 7 in Ranged Weapons
  4197 | D:4      | Found a shimmering altar of Xom.
  4422 | D:4      | Reached skill level 5 in Fighting
  4476 | D:4      | Noticed Grinder
  4498 | D:4      | Killed Grinder
  4499 | D:4      | Reached XP level 7. HP: 44/61 MP: 6/6
  4807 | D:4      | Found an ancient bone altar of Kikubaaqudgha.
  4926 | D:5      | Entered Level 5 of the Dungeon
  4962 | D:5      | Reached skill level 5 in Dodging
  4965 | D:5      | Noticed Prince Ribbit
  4974 | D:5      | Killed Prince Ribbit
  4975 | D:5      | Reached skill level 8 in Ranged Weapons
  5084 | D:5      | Reached XP level 8. HP: 70/70 MP: 7/7
  5199 | D:5      | Noticed Duvessa
  5206 | D:5      | Noticed Dowan
  5217 | D:5      | Killed Duvessa
  5218 | D:5      | Reached skill level 9 in Ranged Weapons
  5310 | D:5      | Found a staircase to the Ecumenical Temple.
  5325 | Temple   | Entered the Ecumenical Temple
  5424 | Temple   | Became a worshipper of Hepliaklqana the Forgotten
  5565 | D:5      | Noticed Pikel
  5593 | D:5      | Killed Pikel
  5668 | D:5      | Killed Dowan
  5669 | D:5      | Reached skill level 10 in Ranged Weapons
  5908 | D:6      | Reached XP level 9. HP: 79/79 MP: 8/8
  6027 | D:6      | Found a transporter.
  6060 | D:6      | Found Tysmil's General Store.
  6378 | D:6      | Found a transporter.
  6427 | D:6      | Reached skill level 11 in Ranged Weapons
  6620 | D:6      | Identified the +10 rapier "Heogg" {drain, Str+2 Int+4}
  6672 | D:6      | Bought a +2 cloak for 198 gold pieces
  6833 | D:7      | Found a glowing silver altar of Zin.
  6833 | D:7      | Found a white marble altar of Elyvilon.
  6833 | D:7      | Found a glowing golden altar of the Shining One.
  6923 | D:7      | Found a sand-covered staircase.
  6925 | D:7      | Reached * piety under Hepliaklqana
  6935 | Ossuary  | Entered an ossuary
  7411 | D:7      | Identified the +0 pair of boots "Eded" {rElec rPois MP+9}
  7769 | D:8      | Reached ** piety under Hepliaklqana
  7770 | D:8      | Remembered your ancestor Tepiltzin as a knight
  7812 | D:8      | Reached XP level 10. HP: 77/81 MP: 9/9
  7815 | D:8      | Reached skill level 12 in Ranged Weapons
  7914 | D:8      | Found a snail-covered altar of Cheibriados.
  8421 | D:9      | Found a flagged portal.
  8438 | Bailey   | Entered a bailey
  8910 | Bailey   | Reached skill level 13 in Ranged Weapons
  8912 | Bailey   | Reached skill level 10 in Fighting
  9240 | D:9      | Found a staircase to the Lair.
  9293 | D:9      | Reached *** piety under Hepliaklqana
  9314 | D:9      | Found a shimmering blue altar of Sif Muna.
  9406 | D:9      | Identified the +9 dagger of Ozeeh {pain, Contam rF+ rN+++}
  9501 | D:9      | Noticed gelatine's ghost (novice DsFE)
  9502 | D:9      | Found a runed translucent door.
  9566 | D:9      | Killed gelatine's ghost
  9583 | D:10     | Entered Level 10 of the Dungeon
 10103 | D:10     | Reached XP level 11. HP: 90/90 MP: 10/10
 10210 | D:10     | Reached skill level 14 in Ranged Weapons
 10511 | D:11     | Noticed a boulder beetle
 10536 | D:11     | Killed a boulder beetle
 10537 | D:11     | Reached skill level 10 in Dodging
 10784 | D:11     | Identified the +10 flail "Qaawot" {drain, Will++ Str+5}
 11008 | D:11     | Noticed a four-headed hydra
 11016 | D:11     | Killed a four-headed hydra
 11302 | Lair:1   | Entered Level 1 of the Lair of Beasts
 11302 | Lair:1   | Noticed a six-headed hydra
 11311 | Lair:1   | Killed a six-headed hydra
 11312 | Lair:1   | Reached skill level 15 in Ranged Weapons
 11672 | Lair:1   | Reached **** piety under Hepliaklqana
 11680 | Lair:1   | Noticed an eight-headed hydra
 11690 | Lair:1   | Killed an eight-headed hydra
 11691 | Lair:1   | Reached XP level 12. HP: 84/100 MP: 11/11
 11711 | Lair:1   | Noticed Joseph
 11879 | Lair:1   | Noticed Amaemon
 11946 | Lair:2   | Noticed a boulder beetle
 11984 | Lair:2   | Killed a boulder beetle
 12152 | Lair:1   | Reached skill level 16 in Ranged Weapons
 12190 | Lair:1   | Killed Joseph
 12247 | Lair:1   | Identified the +0 pair of boots of Generosity {Regen+}
 12627 | Lair:1   | Killed Amaemon
 12943 | Lair:2   | Found a staircase to the Shoals.
 13024 | Lair:2   | Reached skill level 1 in Invocations
 13387 | Lair:2   | Noticed Erica
 13405 | Lair:2   | Killed Erica
 13615 | Lair:3   | Reached ***** piety under Hepliaklqana
 13654 | Lair:3   | Found a hole to the Spider Nest.
 13683 | Lair:3   | Reached skill level 5 in Invocations
 13701 | Lair:3   | Reached XP level 13. HP: 24/109 MP: 16/16
 13960 | Lair:3   | Noticed Gastronok
 13980 | Lair:3   | Killed Gastronok
 14286 | Lair:3   | Reached XP level 14. HP: 116/116 MP: 20/20
 14658 | Lair:4   | Reached skill level 17 in Ranged Weapons
 14664 | Lair:4   | Reached skill level 10 in Invocations
 15981 | D:12     | Found a staircase to the Orcish Mines.
 16865 | Orc:1    | Entered Level 1 of the Orcish Mines
 17019 | Orc:1    | Found Zazenoes's Armour Emporium.
 17221 | Orc:2    | Entered Level 2 of the Orcish Mines
 17263 | Orc:2    | Found a staircase to the Elven Halls.
 17320 | Orc:2    | Noticed an orc warlord
 18063 | Orc:2    | Found Yhuodoobil's General Store.
 18063 | Orc:2    | Found Avautajeu's Antique Armour Shoppe.
 18063 | Orc:2    | Found Zetta Uda's Jewellery Emporium.
 18063 | Orc:2    | Found Qewepin's Armour Shop.
 18672 | Lair:5   | Entered Level 5 of the Lair of Beasts
 18679 | Lair:5   | Found a viscous altar of Jiyva.
 18684 | Lair:5   | Found a staircase to the Slime Pits.
 19014 | Lair:5   | Identified the +8 quarterstaff "Soikesuwast" {holy, rF+ rC-
                  | Dex+3}
 19129 | Lair:5   | Reached XP level 15. HP: 112/125 MP: 22/22
 19153 | Lair:5   | Reached ****** piety under Hepliaklqana
 19395 | Lair:5   | Reached skill level 18 in Ranged Weapons
 20038 | Lair:5   | Found a runed translucent door.
 20079 | Lair:5   | Reached skill level 15 in Fighting
 20645 | Spider:1 | Entered Level 1 of the Spider Nest
 22247 | Spider:2 | Noticed an emperor scorpion
 22256 | Spider:2 | Killed an emperor scorpion
 23207 | Spider:2 | HP: 5/129 [culicivora (7)]
 23588 | Spider:2 | Reached XP level 16. HP: 135/135 MP: 24/24
 24280 | Orc:2    | Reached skill level 15 in Dodging
 24329 | Orc:2    | Reached skill level 19 in Ranged Weapons
 24412 | Orc:2    | Bought a crude leather armour for 217 gold pieces
 24412 | Orc:2    | Identified the +3 leather armour of the Viny Eagle {rElec
                  | Will++} (You bought it in a shop on level 2 of the Orcish
                  | Mines)
 24426 | Orc:2    | Bought a scroll of brand weapon for 104 gold pieces
 24426 | Orc:2    | Bought a scroll of blinking for 82 gold pieces
 24453 | Orc:2    | Bought a +0 hat for 44 gold pieces
 24459 | Orc:2    | Bought a ring of protection from cold for 275 gold pieces
 24463 | Orc:2    | Bought a ring of positive energy for 220 gold pieces
 24701 | Shoals:1 | Entered Level 1 of the Shoals
 25436 | Shoals:1 | Noticed a kraken
 25444 | Shoals:1 | Killed a kraken
 25967 | Shoals:2 | Identified the +9 mace of the End of Times {vamp, rElec}
 27163 | Shoals:3 | Noticed a kraken
 27177 | Shoals:3 | Killed a kraken
 27192 | Shoals:3 | Noticed a kraken
 27212 | Shoals:3 | Killed a kraken
 27213 | Shoals:3 | Reached XP level 17. HP: 98/145 MP: 26/26
 27259 | Shoals:3 | Noticed a kraken
 27275 | Shoals:3 | Noticed a kraken
 27747 | Shoals:3 | Killed a kraken
 27748 | Shoals:3 | Reached skill level 20 in Ranged Weapons
 27787 | Shoals:3 | Killed a kraken
 27820 | Shoals:3 | Noticed Ilsuiw
 27832 | Shoals:3 | Killed Ilsuiw
 28426 | Shoals:3 | Noticed Polyphemus
 28441 | Shoals:3 | Killed Polyphemus
 28586 | Shoals:4 | Entered Level 4 of the Shoals
 28799 | Shoals:4 | HP: 6/146 [barbs]
 29410 | Shoals:4 | Got a barnacled rune of Zot
 29860 | Shoals:4 | Noticed a kraken
 29873 | Shoals:4 | Killed a kraken
 30836 | Shoals:4 | Identified the +4 scale mail of Toothy Lucidity {+Blink
                  | Int+6 Stlth+}
 30891 | Shoals:4 | Reached skill level 15 in Invocations
 31818 | Spider:3 | Noticed Arachne
 31837 | Spider:3 | Killed Arachne
 31837 | Spider:3 | Noticed Agnes
 31871 | Spider:2 | Killed Agnes
 32260 | Spider:3 | Reached XP level 18. HP: 156/156 MP: 28/28
 32424 | Spider:3 | Noticed Mlioglotl
 32450 | Spider:3 | Noticed a profane servitor
 32458 | Spider:3 | Killed Mlioglotl
 32783 | Spider:3 | Reached skill level 21 in Ranged Weapons
 33258 | Spider:4 | Entered Level 4 of the Spider Nest
 33282 | Spider:4 | Noticed Kirke
 33289 | Spider:4 | Killed Kirke
 33681 | Spider:4 | Noticed Mara
 33701 | Spider:4 | HP: 6/158 [Mara (illusionary)/+1 demon trident of venom
                  | (9)]
 33701 | Spider:4 | Demolished by Mara (illusionary)

Illustrated notes

Levels and vault maps discovered:
D:1:      matt_arrival_refuge, layout_basic, serial_forest,
          infiniplex_forest_clump_curved, infiniplex_forest_lined_3,
          infiniplex_forest_side_room, infiniplex_forest_diagonal,
          infiniplex_forest_clump_tiny, infiniplex_forest_end_1,
          infiniplex_forest_clump_curved, infiniplex_forest_side_room,
          minmay_tromino_i4
D:2:      minmay_door_path, layout_basic,
          dreamdust_ecumenical_altar_hidden_monk_grotto,
          kennysheep_generic_room_13
D:3:      layout_loops_ring, mainiacjoe_overflow_divided_tiny,
          minmay_misc_feat_tower, uniq_sigmund, uniq_terence, uniq_jessica
D:4:      layout_loops_ring, lemuel_zombie_altar_kikubaaqudgha, tgw_xom,
          minivault_14, chequers_serial_rivers_marsh, minmay_pentomino_pile,
          uniq_grinder
D:5:      layout_rooms, minmay_temple_entry_junction, solitary_fountain,
          uniq_pikel, uniq_prince_ribbit1, uniq_duvessa
D:6:      gammafunk_cloud_chamber, layout_basic, serial_shops,
          nicolae_shop_stone, minmay_misc_feat_hallway, chequers_avenue,
          roderic_batcave, st_stairs_10
D:7:      layout_gridville, good_gods_mini_temple, nicolae_ossuary_entry_ruins,
          mrwooster_statue_mirror
D:8:      layout_gridville, mainiacjoe_overflow_brackets, minivault_11
D:9:      layout_long_grid, nicolae_sif_muna_condensation, lair_entry_dummy,
          gammafunk_ghost_grave, enter_bailey_3
D:10:     layout_roguey [special_room_bee], nicolae_titane
D:11:     layout_basic
D:12:     layout_roguey, erik_orc_1, nicolae_zen_rock_garden,
          nicolae_lava_and_water
Temple:   nicolae_temple_figure_eight
Lair:1:   layout_cave_pods, grunt_megastairs_4, uniq_amaemon, uniq_joseph
Lair:2:   layout_chaotic_city, elwin_shoals_entry_stream,
          infiniplex_staircase_pool, uniq_erica
Lair:3:   layout_cave_pods, spider_nest_entry_web_field, beast_lair_carwin_7,
          uniq_gastronok
Lair:4:   layout_loops_ring, forest_entry_grove
Lair:5:   guppyfry_lair_end_dragon, layout_hall_layers, wormcave,
          minmay_slime_entry_oklob_open
Shoals:1: layout_shoals
Shoals:2: layout_shoals, nicolae_shoals_seven_spires, st_shoals_ruin
Shoals:3: layout_shoals, nicolae_shoals_kraken_party, uniq_polyphemus,
          uniq_ilsuiw
Shoals:4: shoals_end_simple, layout_shoals
Spider:1: layout_spider_delve, drop_trap, nicolae_spider_nook
Spider:2: layout_chambers, nicolae_spider_stair_cavern
Spider:3: layout_spider_delve, nicolae_spider_swamp_cousins,
          nicolae_spider_cling_halls, uniq_arachne, uniq_agnes, uniq_mlioglotl
Spider:4: hellmonk_spider_rune_endless_swarm, gammafunk_ghost_berserking_beasts,
          uniq_mara, uniq_kirke
Orc:1:    layout_caves, serial_shops, nicolae_shop_crystal
Orc:2:    st_orc_ogre_mass, layout_diamond_mine

Skill      XL: |  1  2  3  4  5  6  7  8  9 10 11 12 13 14 15 16 17 18 |
---------------+-------------------------------------------------------+-----
Fighting       | 3 4 5 6 7 9 10 12 13 14 16 17 18 19 | 19.2
Ranged Weapons | 5 6 7 8 10 11 13 15 16 17 18 19 20 21 | 21.1
Dodging        | 3 4 5 6 8 9 11 12 13 14 16 17 | 17.7
Invocations    | 5 9 11 12 14 15 | 15.7
Stealth        | |  0.7

Action                   |  1- 3 |  4- 6 |  7- 9 | 10-12 | 13-15 | 16-18 || total
-------------------------+-------+-------+-------+-------+-------+-------++-------
Melee: Shortbow          |       |       |       |       |     1 |       ||     1
 Fire: Shortbow          |   103 |   208 |   439 |   832 |   380 |       ||  1962
       Arbalest          |       |       |       |       |   766 |   352 ||  1118
       Longbow           |       |       |       |       |       |   887 ||   887
Invok: Recall Ancestor   |       |       |     1 |     5 |    10 |     4 ||    20
       Ancestor Life: Kn |       |       |     1 |       |       |       ||     1
       Idealise          |       |       |       |       |     1 |     5 ||     6
  Use: Scroll            |     5 |       |    10 |     5 |    18 |    13 ||    51
       Potion            |     3 |     1 |     2 |     1 |    13 |     4 ||    24
Armor: Leather armour    |     7 |    10 |       |       |       |    54 ||    71
       Robe              |       |    21 |    34 |    28 |    80 |     2 ||   165
       Skin              |       |     9 |       |     1 |     1 |       ||    11
Dodge: Dodged            |    22 |    36 |   105 |    93 |   370 |   389 ||  1015
